 Dungeon Crawl Stone Soup version 0.29.1-2-gbd0b4ee654 (webtiles) character file.

Game seed: 12661487574762878819

345 KittyFluff the Cudgeller (level 6, 0/58 HPs)
             Began as a Gargoyle Berserker on Oct 26, 2022.
             Was a Priest of Trog.
             Slain by Eustachio
             ... wielding a +0 rapier
              (4 damage)
             ... on level 3 of the Dungeon.
             The game lasted 00:17:14 (5167 turns).

KittyFluff the Cudgeller (Gargoyle Berserker)       Turns: 5167, Time: 00:17:15

Health: 0/58       AC:  9    Str: 21    XL:     6   Next: 58%
Magic:  6/6        EV: 12    Int:  7    God:    Trog [***...]
Gold:   258        SH:  0    Dex: 11    Spells: 5/5 levels left

rFire   . . .      SeeInvis .   a - +0 mace
rCold   . . .      Faith    .   (no shield)
rNeg    + . .      Spirit   .   s - +0 robe
rPois   ∞          Reflect  .   r - +0 helmet
rElec   +          Harm     .   (no cloak)
rCorr   .          Rampage  .   w - +0 pair of gloves
Will    .....                   (no boots)
Stlth   ..........              (no amulet)
HPRegen 0.19/turn               (no ring)
MPRegen 0.10/turn               (no ring)

@: berserking (expiring), very quick
A: sickness immunity, AC +4, negative energy resistance 1, electricity
resistance, torment resistance 1, petrification resistance
a: Renounce Religion, Berserk, Trog's Hand


You were on level 3 of the Dungeon.
You worshipped Trog.
Trog was most pleased with you.
You visited 1 branch of the dungeon, and saw 4 of its levels.
You also visited: Sewer.

You collected 258 gold pieces.

Inventory:

Hand Weapons
 a - a +0 mace (weapon)
 o - a +0 sling
 C - a +0 sling
Missiles
 p - 3 curare-tipped darts
 A - 6 poisoned darts
 E - 4 boomerangs (quivered)
Armour
 l - a scarf of harm
 r - a +0 helmet (worn)
 s - a +0 robe (worn)
 w - a +0 pair of gloves (worn)
Magical Staves
 h - a staff of earth
Scrolls
 d - 3 scrolls of teleportation {unknown}
 f - a scroll of poison {unknown}
 g - a scroll of magic mapping {unknown}
 j - 2 scrolls of identify {unknown}
 m - a scroll of summoning {unknown}
 n - a scroll of vulnerability {unknown}
 u - a scroll of blinking {unknown}
 v - a scroll of noise {unknown}
 x - a scroll of brand weapon {unknown}
 y - a scroll of fear {unknown}
 z - a scroll of enchant armour {unknown}
 B - a scroll of silence {unknown}
 D - a scroll of torment {unknown}
Potions
 b - 2 potions of magic {unknown}
 c - a potion of degeneration {unknown}
 e - 3 potions of brilliance {unknown}
 i - 2 potions of lignification {unknown}
 k - 2 potions of ambrosia {unknown}
 q - 3 potions of curing {unknown}
 t - a potion of flight {unknown}


   Skills:
 + Level 4.5 Fighting
 + Level 4.8 Maces & Flails
 * Level 3.9 Armour
 + Level 2.9 Dodging
 + Level 0.6 Stealth


You had 5 spell levels left.
You didn't know any spells.
Your spell library was empty.

Dungeon Overview and Level Annotations

Branches:
Dungeon (4/15)              Sewer (visited)
 Temple: D:4-7

Altars:

Shops:
D:1 ?   D:3 =

Annotations:
D:3 Eustachio
D:4 Blork the orc


Innate Abilities, Weirdness & Mutations

You are immune to sickness and miasma.
Your stone body is resilient. (AC +4)
You are immune to poison.
You resist negative energy. (rN+)
You are resistant to electric shocks. (rElec)
You are resistant to unholy torment.
You are immune to petrification.


Message History

Blork the orc screams, "I'll break your legs!"
Blork the orc gestures at you while chanting.
The magic dart hits you. Eustachio hits you with a +0 rapier.
You closely miss Eustachio.
Eustachio is lightly wounded.
The ufetubus barely misses you. x4
Blork the orc hits you from afar with a +0 halberd.
The ufetubus hits you but does no damage.
The ufetubus closely misses you. Eustachio hits you but does no damage.
Blork the orc hits you from afar with a +0 halberd!
* * * LOW HITPOINT WARNING * * *
Unknown command.
Blork the orc hits you from afar with a +0 halberd!
* * * LOW HITPOINT WARNING * * *
Eustachio closely misses you. The ufetubus closely misses you.
The ufetubus barely misses you.
The ufetubus hits you but does no damage. x2
You climb upwards.
The ufetubus disappears in a puff of smoke! x2
The shadow imp disappears in a puff of smoke!
There is a stone staircase leading down here.
A red film seems to cover your vision as you go berserk!
You feel yourself moving faster!
You feel mighty!
Eustachio gestures wildly while chanting.
Eustachio blinks!
You feel a strong urge to attack something.
You miss Eustachio.
Eustachio is lightly wounded.
Eustachio closely misses you.
You bludgeon Eustachio!!
Eustachio is heavily wounded.
You sock Eustachio!
Eustachio is severely wounded.
Eustachio casts a spell.
Eustachio blinks!
You feel a strong urge to attack something.
You closely miss Eustachio.
Eustachio is severely wounded.
Eustachio hits you with a +0 rapier.
You die...

##.# #.##...######.##.
#.# #.....###.<#.....
####'####.#.#.#
#.##..###
#......##...#.# #.....#
#......##.###.#######.#
#......+..# #.........#
#......#..# ###########
####.....)#.§#
#.........#@.#
###.###.#...@>)# #.#.#
#.#.###### #...# #...#
#.∩.####### #....#
#.##.########
#.#.........#
#.....#####.#


You could see Eustachio.

Vanquished Creatures
  2 bullfrogs (Sewer)
  A river rat (D:3)
  10 adders
  A worm (D:3)
  A dart slug (D:2)
  3 orcs (D:3)
  10 ball pythons
  8 endoplasms
  12 giant cockroaches
  8 hobgoblins
  5 kobolds
  15 quokkas
  8 bats
  12 frilled lizards
  4 goblins
  6 rats
106 creatures vanquished.

Notes
Turn   | Place    | Note
-------+----------+-------------------------------------------
     0 | D:1      | KittyFluff the Gargoyle Berserker began the quest for the
                  | Orb.
     0 | D:1      | Reached XP level 1. HP: 14/14 MP: 1/1
   217 | D:1      | Found Ogae's Magic Scroll Emporium.
   258 | D:1      | Reached XP level 2. HP: 12/19 MP: 2/2
  1156 | D:2      | Reached XP level 3. HP: 21/24 MP: 3/3
  1382 | D:2      | Reached ** piety under Trog
  1872 | D:2      | Found a faded altar of an unknown god.
  2550 | D:2      | Reached XP level 4. HP: 19/29 MP: 4/4
  2733 | D:3      | Found Owiaff's Jewellery Shoppe.
  2835 | D:3      | Found a glowing drain.
  2989 | Sewer    | Entered a sewer
  3221 | Sewer    | Reached XP level 5. HP: 26/33 MP: 5/5
  3437 | Sewer    | Reached *** piety under Trog
  4003 | Sewer    | Reached XP level 6. HP: 23/39 MP: 6/6
  5036 | D:4      | Noticed Eustachio
  5036 | D:4      | Noticed Blork the orc
  5167 | D:3      | Slain by Eustachio

Illustrated notes

Levels and vault maps discovered:
D:1:      heliophobic_arrival_dark_side_of_the_moon, layout_basic, serial_shops,
          shop, kennysheep_flooded_box
D:2:      layout_loops_ring, ebering_ecumenical_altar_box, minmay_quadrilaterals
D:3:      layout_basic, cheibrodos_sewer_entry_sluice, serial_shops,
          nicolae_shop_stone
D:4:      layout_layer_cave, uniq_eustachio, uniq_grinder, uniq_blork_the_orc

Skill      XL: |  1  2  3  4 |
---------------+-------------+-----
Dodging        | 2 |  2.9
Armour         | 3 |  3.9
Fighting       | 4 |  4.5
Maces & Flails | 4 |  4.8
Stealth        | |  0.6

Action                   |  1- 3 |  4- 6 || total
-------------------------+-------+-------++-------
Melee: Mace              |   116 |   286 ||   402
       Punch             |     1 |     1 ||     2
Throw: Boomerang         |       |     7 ||     7
Invok: Berserk           |       |     1 ||     1
Armor: Animal skin       |    53 |       ||    53
       Robe              |    13 |   174 ||   187
Dodge: Dodged            |    80 |   287 ||   367
